 Dungeon Crawl Stone Soup version 0.20.1-1-g8b1a95d (webtiles) character file.

401 Kingsmith the Thaumaturge (level 6, 0/32 HPs)
             Began as a Deep Elf Venom Mage on Dec 8, 2017.
             Succumbed to a scorpion's poison
             ... on level 4 of the Dungeon.
             The game lasted 00:06:34 (3558 turns).

Kingsmith the Thaumaturge (Deep Elf Venom Mage)     Turns: 3558, Time: 00:06:35

Health: 0/32       AC:  3    Str:  6    XL:     6   Next: 54%
Magic:  13/19      EV: 13    Int: 21    God:
Gold:   194        SH:  0    Dex: 15    Spells: 6/21 levels left

rFire    . . .     SeeInvis .   p - +2 quarterstaff (chaos)
rCold    . . .     Gourm    .   (shield currently unavailable)
rNeg     . . .     Faith    .   a - +0 robe
rPois    .         Spirit   .   (no helmet)
rElec    .         Reflect  .   q - +0 cloak
rCorr    .         Harm     .   (no gloves)
MR       .....                  (no boots)
Stlth    +.........             (no amulet)
Regen    0.1/turn               (no ring)
MPRegen  0.2/turn               (no ring)

@: confused, lethally poisoned (0 -> -3), very slightly contaminated
A: no striking features
a: no special abilities


You were on level 4 of the Dungeon.
You were not hungry.

You visited 1 branch of the dungeon, and saw 4 of its levels.

You collected 194 gold pieces.

Inventory:

Hand Weapons
 p - a +2 quarterstaff of chaos (weapon)
Armour
 a - a +0 robe (worn)
 q - a +0 cloak (worn)
Jewellery
 d - an uncursed amulet of faith {unknown}
Scrolls
 e - 3 scrolls of immolation {unknown}
 l - a scroll of fear {unknown}
 m - 2 scrolls of identify {unknown}
 s - a scroll of enchant armour {unknown}
 t - a scroll of fog {unknown}
 u - a scroll of enchant weapon {unknown}
Potions
 g - 2 potions of degeneration {unknown}
 h - 2 potions of might {unknown}
 k - 3 potions of curing {unknown}
 n - a potion of lignification {unknown}
 o - a potion of heal wounds {unknown}
Books
 b - a Young Poisoner's Handbook

   Spells                             Type                      Level
   a - Sting                          Conjuration/Poison           1
   b - Poisonous Vapours              Poison/Air                   2
   c - Mephitic Cloud                 Conjuration/Poison/Air       3
   d - Olgreb's Toxic Radiance        Poison                       4
   e - Venom Bolt                     Conjuration/Poison           5
Comestibles
 c - 4 bread rations
 f - 7 fruits
 i - 2 royal jellies
 j - 2 meat rations


   Skills:
 - Level 2.4 Dodging
 - Level 2.4 Stealth
 + Level 8.2 Spellcasting
 - Level 1.1 Conjurations
 - Level 5.0 Poison Magic


You had 6 spell levels left.
You knew the following spells:

 Your Spells              Type           Power        Failure   Level  Hunger
a - Sting                 Conj/Pois      ###.         2%          1    None
b - Poisonous Vapours     Pois/Air       ###...       4%          2    None
c - Mephitic Cloud        Conj/Pois/Air  ###.....     10%         3    None
d - Olgreb's Toxic Radia  Pois           ####....     10%         4    ###....
e - Venom Bolt            Conj/Pois      ###.......   52%         5    #####..


Dungeon Overview and Level Annotations

Branches:
Dungeon (4/15)
 Temple: D:4-7

Altars:
The Shining One


Message History

The howler monkey is engulfed in noxious fumes.
The howler monkey appears confused.
The howler monkey closely misses the jackal.
The leopard gecko skeleton bites you.
* * * LOW HITPOINT WARNING * * *
The jackal is engulfed in noxious fumes.
The jackal appears confused.
You miss the jackal.
You are engulfed in noxious fumes.
You choke on the stench!
You are more confused.
* * * LOW HITPOINT WARNING * * *
The jackal bites you but does no damage.
The jackal closely misses you.
The howler monkey is engulfed in noxious fumes.
The howler monkey appears confused.
The howler monkey hits you.
* * * LOW HITPOINT WARNING * * *
The leopard gecko skeleton misses you. The jackal closely misses you.
An orc comes into view.
It is wielding a hand axe of electrocution.
Unknown command.
You die...

... ..#o# #
#.###.#.#.# .
#...#...#.#...
#[....o.......
#....o..###.#
#..[<§§.#...##
###...hh§.h....#
.........Z#.....#
####.....@......#
#............?.
#............##
.....####.....#
.##.## .....# ...
.....# ## #####


You could see a howler monkey (confused), 2 orcs, a jackal and a leopard gecko
skeleton.

Vanquished Creatures
  Sigmund (D:2)
  A scorpion (D:4)
  Crazy Yiuf (D:2)
  Natasha (twice) (D:2)
  2 adders (D:2)
  An ooze (D:1)
  A worm (D:2)
  A dart slug (D:2)
  A leopard gecko (D:1)
  5 orcs (D:3)
  9 bats
  5 giant cockroaches
  5 goblins
  6 hobgoblins
  6 jackals
  6 kobolds
  A ball python (D:2)
  2 frilled lizards (D:3)
  14 rats
70 creatures vanquished.

Vanquished Creatures (others)
  An orc wizard (D:3)
1 creature vanquished.

Grand Total: 71 creatures vanquished

Notes
Turn   | Place    | Note
-------+----------+-------------------------------------------
     0 | D:1      | Kingsmith the Deep Elf Venom Mage began the quest for the Orb.
     0 | D:1      | Reached XP level 1. HP: 10/10 MP: 6/6
   174 | D:1      | Reached XP level 2. HP: 15/15 MP: 2/8
   181 | D:1      | Learned a level 2 spell: Poisonous Vapours
   949 | D:2      | Reached XP level 3. HP: 19/19 MP: 5/9
  1058 | D:2      | Learned a level 3 spell: Mephitic Cloud
  1364 | D:2      | Reached skill level 5 in Poison Magic
  1972 | D:2      | Noticed Sigmund
  1994 | D:2      | Killed Sigmund
  1994 | D:2      | Reached skill level 6 in Spellcasting
  1994 | D:2      | Reached XP level 4. HP: 5/24 MP: 3/14
  1994 | D:2      | Reached XP level 5. HP: 6/28 MP: 3/16
  2003 | D:2      | Learned a level 4 spell: Olgreb's Toxic Radiance
  2009 | D:2      | Learned a level 5 spell: Venom Bolt
  2359 | D:2      | Found a runed door.
  2363 | D:2      | Noticed Crazy Yiuf
  2372 | D:2      | Killed Crazy Yiuf
  2372 | D:2      | Reached skill level 7 in Spellcasting
  2415 | D:2      | Noticed Natasha
  2428 | D:2      | Killed Natasha
  2428 | D:2      | Reached XP level 6. HP: 10/32 MP: 13/18
  2469 | D:2      | Noticed Natasha
  2470 | D:2      | Killed Natasha
  2473 | D:2      | Found a glowing golden altar of the Shining One.
  3556 | D:4      | Reached skill level 8 in Spellcasting
  3557 | D:4      | HP: 1/32 [howler monkey (4)]
  3558 | D:4      | Succumbed to a scorpion's poison

Skill      XL: |  1  2  3  4  5  6 |
---------------+-------------------+-----
Poison Magic   | 4 5 |  5.0
Spellcasting   | 6 7 8 |  8.2
Dodging        | |  2.4
Stealth        | |  2.4
Conjurations   | |  1.1

Action                   |  1- 3 |  4- 6 || total
-------------------------+-------+-------++-------
Melee: Unarmed           |     1 |       ||     1
       Club              |    17 |     2 ||    19
       Quarterstaff      |       |    41 ||    41
 Cast: Sting             |    78 |     2 ||    80
       Poisonous Vapours |     7 |    19 ||    26
       Mephitic Cloud    |       |     1 ||     1
 Stab: Sleeping          |     1 |     2 ||     3
  Eat: Chunk             |     3 |     5 ||     8
Armor: Robe              |     3 |    14 ||    17
Dodge: Dodged            |    25 |    45 ||    70
